 Dungeon Crawl Stone Soup version 0.17-a0-1534-gf98da79 (webtiles) character file.

81 namelastname112 the Firebug (level 4, -1/36 HPs)
             Began as a Draconian Fire Elementalist on July 17, 2015.
             Succumbed to poison (a potion of poison)
             ... on level 3 of the Dungeon.
             The game lasted 00:02:36 (1238 turns).

namelastname112 the Firebug (DrFE)                  Turns: 1238, Time: 00:02:36

Health: -1/36      AC:  5    Str:  8 (10) XL:     4   Next: 20%
Magic:  0/8        EV: 12    Int: 17      God:
Gold:   142        SH:  0    Dex: 11      Spells: 1 memorised, 8 levels left

rFire  . . .     SeeInvis .     e - +2 dagger (venom)
rCold  . . .     Clarity  .     (armour unavailable)
rNeg   . . .     SustAt   .     (no shield)
rPois  .         Gourm    .     (helmet restricted)
rElec  .         Spirit   .     (no cloak)
rCorr  .         Warding  .     (no gloves)
rMut   .         Stasis   .     (no boots)
MR     .....                    (no amulet)
Stlth  ++........               (no ring)
                                (no ring)

@: lethally poisoned (-1 -> -31), very slightly contaminated, not resistant to
hostile enchantments, unstealthy
A: unfitting armour, cold-blooded, AC +5
a: no special abilities


You were on level 3 of the Dungeon.
You were hungry.

You visited 1 branch of the dungeon, and saw 3 of its levels.

You collected 142 gold pieces.

Inventory:

Hand weapons
 e - a +2 dagger of venom (weapon)
Jewellery
 h - a cursed ring of loudness {unknown}
Scrolls
 c - a scroll of fear {unknown}
 d - 2 scrolls of recharging {unknown}
 f - a scroll of teleportation {unknown}
 g - 2 scrolls of remove curse {unknown}
 j - a scroll of identify {unknown}
 m - a scroll of enchant armour {unknown}
Books
 a - a book of Flames

   Spells                             Type                      Level
   a - Flame Tongue                   Conjuration/Fire             1
   b - Throw Flame                    Conjuration/Fire             2
   c - Conjure Flame                  Conjuration/Fire             3
   d - Inner Flame                    Hexes/Fire                   3
   e - Sticky Flame                   Conjuration/Fire             4
   f - Fireball                       Conjuration/Fire             5
Comestibles
 b - 2 bread rations
 k - 2 meat rations
 l - a beef jerky


   Skills:
 + Level 2.1 Fighting
 + Level 2.6 Dodging
 - Level 1.7 Stealth
 * Level 3.0 Spellcasting
 - Level 1.0 Conjurations
 - Level 3.0 Fire Magic


You had 8 spell levels left.
You knew the following spells:

 Your Spells              Type           Power        Failure   Level  Hunger
z - Flame Tongue          Conj/Fire      #....        10%         1    None


Dungeon Overview and Level Annotations

Branches:
Dungeon (3/15)

Altars:
Trog
Vehumet

Annotations:
D:3 Robin


Innate Abilities, Weirdness & Mutations

Your plain brown scales are hard (AC +5).
Your body does not fit into most forms of armour.
You are cold-blooded and may be slowed by cold attacks.


Message History

You feel sick. The worker ant bites you.
* * * LOW HITPOINT WARNING * * *
The worker ant barely misses you.
Drink which item? (? for menu, Esc to quit)
It was a potion of degeneration.
There was something very wrong with that liquid.
You feel weakened.
* * * LOW HITPOINT WARNING * * *
You feel sick.
You kill the worker ant!
Your Spellcasting skill increases to level 3!
You have reached level 4!
You feel clever.
Drink which item? (? for menu, Esc to quit)
It was a potion of poison.
That liquid tasted very nasty...
You are more poisoned.
* * * LOW HITPOINT WARNING * * *
You feel very sick.
There is a lethal amount of poison in your body!
You die...

. #.###... .##
#..#...# ...
#.#...# #
#.##...#.###..##
#............>.. .
#.#....#.######
....#.....#....#
_......)#)#....#...
.
....#..##@#<.....#
.. #.. #.#....###
#.. #.#....# #?.
#.#....# ..$
#.###### .... #..
.... ##. .


There were no monsters in sight!

Vanquished Creatures
  A worker ant (D:3)
  An adder (D:3)
  A worm (D:2)
  4 bats (D:1)
  4 giant cockroaches (D:1)
  6 hobgoblins
  7 kobolds
  3 ball pythons (D:1)
  2 giant geckos (D:1)
  A giant newt (D:2)
  6 goblins
  2 jackals (D:1)
  9 rats
47 creatures vanquished.

Notes
Turn   | Place    | Note
--------------------------------------------------------------
     0 | D:1      | namelastname112 the Draconian Fire Elementalist began the quest for the Orb.
     0 | D:1      | Reached XP level 1. HP: 14/14 MP: 3/3
   318 | D:1      | Reached XP level 2. HP: 22/22 MP: 3/5
   413 | D:1      | Reached skill level 1 in Fighting
   537 | D:1      | Reached XP level 3. HP: 20/28 MP: 0/6
   928 | D:2      | Found a radiant altar of Vehumet.
  1069 | D:3      | Noticed Robin
  1217 | D:3      | Found a bloodstained altar of Trog.
  1236 | D:3      | Reached XP level 4. HP: 4/36 MP: 0/8
  1237 | D:3      | HP: 1/36 [poison (a potion of poison)]
  1238 | D:3      | Succumbed to poison (a potion of poison)

Vault maps used:
D:1:      evilmike_arrival_crescent
D:2:      nicolae_overflow_hidden_temple
D:3:      old_standard_altar, gammafunk_temple_overflow_pools,
          overflow_temple_1_default, nrook_uturn, uniq_robin

Action                   |  1- 3 |  4- 6 || total
-------------------------+-------+-------++-------
Melee: Unarmed           |    20 |       ||    20
       Dagger            |    76 |       ||    76
 Cast: Flame Tongue      |    40 |       ||    40
  Use: Potion            |     1 |     1 ||     2
 Stab: Sleeping          |     1 |       ||     1
  Eat: Chunk             |     1 |       ||     1
